 Dungeon Crawl Stone Soup version 0.31-a0-1127-ge7b2bbabab (webtiles) character file.

Game seed: 12197454771487332

247 Gumption the Caller (level 5, 21/21 HPs)
             Began as a Felid Summoner on Dec 5, 2023.
             Was an Initiate of Wu Jian.
             Quit the game on level 4 of the Dungeon.
             The game lasted 00:33:14 (4593 turns).

Gumption the Caller (Felid Summoner)                Turns: 4593, Time: 00:33:14

Health: 21/21      AC:  1    Str:  4    XL:     5   Next: 85%
Magic:  11/11      EV: 18    Int: 19    God:    Wu Jian [......]
Gold:   240        SH:  0    Dex: 16    Spells: 5/11 levels left
                                        Lives:  0   Deaths: 2

rFire   . . .        (weapon unavailable)
rCold   . . .        (shield unavailable)
rNeg    . . .        (body armour unavailable)
rPois   .            (helmet unavailable)
rElec   .            (cloak unavailable)
rCorr   .            (gloves unavailable)
SInv    +            (boots unavailable)
Will    .....        (no amulet)
Stlth   +++          (no ring)
HPRegen 0.23/turn    (no ring)
MPRegen 0.12/turn

%: no passive effects
@: quick
A: very small, claws 1, fangs 3, see invisible, speed 1, shaggy fur 1, stealthy
paws, no weapons or thrown items, no armour, multi-lived
a: Renounce Religion


You were on level 4 of the Dungeon.
You worshipped Wu Jian.
Wu Jian was noncommittal.
You visited 1 branch of the dungeon, and saw 4 of its levels.

You collected 240 gold pieces.

Inventory:

Scrolls
 c - a scroll of enchant weapon
 g - 2 scrolls of fog
 h - a scroll of poison {unknown}
 i - 2 scrolls of teleportation {unknown}
 k - a scroll of noise {unknown}
 l - a scroll of vulnerability
 m - a scroll of blinking {unknown}
Potions
 a - a potion of magic
 b - a potion of heal wounds
 d - a potion of cancellation
 e - 6 potions of curing
 f - a potion of ambrosia {unknown}
 j - a potion of haste {unknown}
 n - a potion of mutation {unknown}


   Skills:
 + Level 4.0 Dodging
 + Level 4.2 Stealth
 * Level 3.6 Spellcasting
 * Level 5.3 Summonings


You had 5 spell levels left.
You knew the following spells:

 Your Spells              Type           Power      Damage    Failure   Level
a - Summon Small Mammal   Summ           92%        N/A       1%          1
b - Call Imp              Summ           46%        N/A       2%          2
c - Call Canine Familiar  Summ           23%        N/A       4%          3

Your spell library contained the following spells:

 Spells                   Type           Power      Damage    Failure   Level
 Kiss of Death            Conj/Necr      12%        2d6       14%         1
 Necrotise                Necr           12%        1d4       14%         1
 Summon Guardian Golem    Hex/Summ       13%        N/A       14%         3
 Confusing Touch          Hex            3%         N/A       41%         3
 Hailstorm                Conj/Ice       3%         3d5       41%         3
 Vampiric Draining        Necr           3%         2d6       41%         3
 Summon Ice Beast         Ice/Summ       13%        N/A       43%         4
 Summon Lightning Spire   Summ/Air       13%        N/A       43%         4
 Dispel Undead            Necr           3%         3d7       82%         4
 Agony                    Necr           3%         N/A       99%         5
 Simulacrum               Ice/Necr       1%         N/A       100%        6


Dungeon Overview and Level Annotations

Branches:
Dungeon (4/15)
 Temple: D:4-7

Altars:
Nemelex Xobeh
Okawaru
Qazlal
Wu Jian
Xom

Shops:
D:1 !

Annotations:
D:2 Terence
D:3 2 transporters


Innate Abilities, Weirdness & Mutations

You have sharp claws.
You have razor-sharp teeth.
You have supernaturally acute eyesight. (SInv)
You cover ground quickly. (Speed+)
You are covered in fur. (AC +1)
Your paws help you pounce on unaware monsters.
You are incapable of wielding weapons or throwing items.
You cannot wear armour.
You gain extra lives every three experience levels.


Message History

Your hound closely misses the gnoll.
Your bat hits the gnoll.
The gnoll hits your hound with a +0 spear.
The gnoll barely misses you.
Your hound closely misses the gnoll.
You barely miss the gnoll. You bite the gnoll.
The gnoll is heavily wounded.
Your bat hits the gnoll.
The gnoll hits your hound with a +0 spear.
Your hound dies!
Your hound's corpse disappears in a puff of smoke!
The gnoll barely misses you.
You scratch the gnoll.
The gnoll is severely wounded.
Your bat barely misses the gnoll.
The gnoll hits you with a +0 club.
* * * LOW HITPOINT WARNING * * *
You scratch the gnoll. You claw the gnoll.
You kill the gnoll!
The Council accepts your kill.
Your bat hits the gnoll but does no damage.
The gnoll misses you.
Your Dodging skill increases to level 4!
The gnoll closely misses you.
The gnoll bouda gazes fiercely through you!
You feel your attacks grow feeble.
Your bat hits the gnoll but does no damage.
The gnoll hits you from afar with a +0 spear.
* * * LOW HITPOINT WARNING * * *
Your bat hits the gnoll but does no damage.
The gnoll hits you from afar with a +0 spear!
You die...
You rejoin the land of the living...
Found a potion of curing.
Found 7 gold pieces.
Found a stone staircase leading up.
e - 6 potions of curing (gained 1)
You now have 232 gold pieces (gained 7).
Found 8 gold pieces.
You now have 240 gold pieces (gained 8).
Okay, then.
Okay, then.
Are you sure you want to abandon this character and quit the game? (Confirm with "yes".)

###### #....# #.##.#
#############.##.### ##
#...........>.##...#### #.
#.################....# #.
#....#.. .....>.@.....#### #.
.##..#. #######.##...^<.# #.
.#.....# ....#...#.....#.#######.
...#.### .##<#.#.#.#.#.#.........
##.....##.##.#.#.#.#.#.##########
###....#.>...#.#.#.#.#.# #.
..........###..#.#...#.# #.
.##.#.....#....#.#.###.# #.
.##.......# #..#...# .)# ##


There were no monsters in sight!

Vanquished Creatures
  A gnoll (D:4)
  2 adders (D:2)
  A ball python (D:2)
  2 bats
  An endoplasm (D:2)
  2 giant cockroaches
  2 quokkas (D:2)
11 creatures vanquished.

Vanquished Creatures (collateral kills)
  2 hounds
  A jelly (D:4)
  A gnoll (D:4)
  5 adders
  2 worms
  A dart slug (D:2)
  An orc (D:3)
  A ball python (D:3)
  4 bats
  5 endoplasms
  3 giant cockroaches (D:4)
  7 goblins
  4 hobgoblins
  3 jackals (D:2)
  3 quokkas
  3 frilled lizards (D:1)
  10 kobolds
  4 rats
60 creatures vanquished.

Grand Total: 71 creatures vanquished

Notes
Turn   | Place    | Note
-------+----------+-------------------------------------------
     0 | D:1      | Gumption the Felid Summoner began the quest for the Orb.
     0 | D:1      | Reached XP level 1. HP: 7/7 MP: 4/4
   336 | D:1      | Reached XP level 2. HP: 11/11 MP: 4/6
   451 | D:1      | Learned a level 2 spell: Call Imp
  1045 | D:1      | Found Gug Pyp's Distillery.
  1473 | D:2      | Reached XP level 3. HP: 3/14 MP: 4/7
  1524 | D:2      | Learned a level 3 spell: Call Canine Familiar
  1590 | D:2      | Identified the +1 cloak of Vadamoju {Drain Fly Will+++
                  | Str-2}
  1664 | D:2      | Found a faded altar of an unknown god.
  2341 | D:2      | Reached XP level 4. HP: 18/18 MP: 5/9
  2618 | D:2      | Noticed Terence
  2679 | D:2      | Slain by Terence
  3011 | D:3      | Found a transporter.
  3047 | D:3      | Found a transporter.
  3121 | D:3      | Found an iron altar of Okawaru.
  3325 | D:3      | Reached skill level 5 in Summonings
  3414 | D:3      | Reached XP level 5. HP: 18/21 MP: 6/10
  4446 | D:4      | Found a shimmering altar of Xom.
  4449 | D:4      | Found a stormy altar of Qazlal.
  4452 | D:4      | Found an ornate altar of the Wu Jian Council.
  4461 | D:4      | Became a worshipper of the Wu Jian Council
  4467 | D:4      | Found a sparkling altar of Nemelex Xobeh.
  4523 | D:4      | Slain by a gnoll
  4593 | D:4      | Quit the game

Illustrated notes

Levels and vault maps discovered:
D:1:      dpeg_arrival_simpleton_a, layout_basic, serial_shops, shop,
          minmay_heptomino_o4
D:2:      layout_basic, shapermc_ecumenical_altar_totnotflames,
          serial_bayou_ford_a, minmay_vboxes, uniq_terence
D:3:      gammafunk_wand_slinger, layout_basic, okawaru_trees_2
D:4:      minmay_diamond_boxcup, layout_basic, grunt_temple_overflow_cloverleaf

Skill      XL: |  1  2  3  4  5 |
---------------+----------------+-----
Stealth        | 3 4 |  4.2
Dodging        | 3 4 |  4.0
Spellcasting   | 3 |  3.6
Summonings     | 5 |  5.3

Action                     |  1- 3 |  4- 6 || total
---------------------------+-------+-------++-------
  Melee: Unarmed           |    23 |    42 ||    65
         Bite              |     1 |     9 ||    10
         Punch             |       |     1 ||     1
   Cast: Summon Small Mamm |    49 |    42 ||    91
         Call Imp          |    18 |    21 ||    39
         Call Canine Famil |       |     7 ||     7
Ability: Lunge             |       |     1 ||     1
    Use: Scroll            |       |     6 ||     6
   Stab: Sleeping          |     2 |       ||     2
 Armour: Skin              |    15 |    34 ||    49
  Dodge: Dodged            |    61 |    73 ||   134

Table legend: (Time is in decaauts)
 A = Elapsed time spent in this place.
 B = Non-inter-level travel time spent in this place.
 C = Inter-level travel time spent in this place.
 D = Time resting spent in this place.
 E = Time spent auto-exploring this place.
 F = Levels seen in this place.
 G = Mean time per level.
                   A        B        C        D        E       F      G
               +--------+--------+--------+--------+--------+-----+--------+
         Total |   3972 |   3957 |     15 |    851 |    636 |   4 |  993.0 |
       Dungeon |   3972 |   3957 |     15 |    851 |    636 |   4 |  993.0 |
               +--------+--------+--------+--------+--------+-----+--------+

Top non-repeatable levels by time:
     D:2: 1409 daAuts
     D:3: 989 daAuts
     D:1: 940 daAuts
     D:4: 633 daAuts
